Map: Rooftop Terrace

Players

A.I. 1 (Elite)

  • Race: Protoss Protoss
  • Spawn Location: 7:00

A.I. 2 (Elite)

  • Race: Zerg Zerg
  • Spawn Location: 11:00

VOD

Have the link to the VOD?

Description

Time

  • Played on: Aug. 23, 2017, 8:03 p.m.
  • Length: 15:48
Show
View Real Time Build Order
Export as new Build Order

A.I. 1 (Elite) Protoss 

Build Orders: Nexus First 

Get SALT Encoding   

  12  0:03  Probe (Chrono Boost)  
  14  0:15  Probe (Chrono Boost)  
  14  0:21  Pylon  
  14  0:27  Probe (Chrono Boost)  
  15  0:40  Probe (Chrono Boost)  
  16  0:52  Probe (Chrono Boost)  
  17  1:03  Nexus  
  18  1:05  Probe (Chrono Boost)  
  18  1:13  Assimilator  
  18  1:17  Probe (Chrono Boost)  
  19  1:23  Assimilator  
  19  1:29  Probe (Chrono Boost)  
  20  1:38  Gateway  
  21  1:41  Probe (Chrono Boost)  
  21  1:52  Pylon  
  21  1:53  Probe (Chrono Boost)  
  22  2:05  Probe (Chrono Boost)  
  24  2:17  Probe x2 (Chrono Boost)  
  25  2:29  Cybernetics Core, Probe x2 (Chrono Boost)  
  27  2:41  Probe (Chrono Boost)  
  27  2:42  Probe (Chrono Boost)  
  29  2:53  Probe (Chrono Boost)  
  29  2:54  Probe (Chrono Boost)  
  32  3:06  Probe (Chrono Boost)  
  32  3:08  Stargate  
  32  3:10  Probe (Chrono Boost)  
  32  3:11  Stargate  
  33  3:18  Pylon, Probe (Chrono Boost)  
  34  3:22  Probe (Chrono Boost)  
  35  3:30  Probe (Chrono Boost)  
  37  3:34  Probe (Chrono Boost)  
  37  3:36  Pylon  
  38  3:42  Probe (Chrono Boost)  
  38  3:51  Void Ray  
  38  3:54  Void Ray, Probe (Chrono Boost)  
  48  3:56  Probe (Chrono Boost)  
  48  4:09  Probe (Chrono Boost)  
  50  4:10  Probe (Chrono Boost)  
  50  4:14  Fleet Beacon  
  50  4:30  Gateway  
  50  4:40  Void Ray  
  50  4:43  Probe (Chrono Boost)  
  50  4:44  Probe (Chrono Boost)  
  50  4:45  Pylon  
  56  4:48  Pylon  
  56  5:08  Void Ray  
  60  5:17  Pylon  
  60  5:21  Gateway  
  60  5:40  Stargate  
  60  5:45  Zealot x2  
  60  5:46  Assimilator  
  60  5:47  Probe x2 (Chrono Boost)  
  60  5:49  Assimilator  
  66  5:54  Nexus  
  66  5:56  Phoenix  
  68  5:59  Probe (Chrono Boost)  
  69  6:08  Zealot  
  69  6:10  Probe (Chrono Boost)  
  72  6:12  Zealot x2  
  72  6:13  Probe (Chrono Boost)  
  77  6:19  Void Ray, Pylon  
  77  6:22  Probe (Chrono Boost)  
  83  6:25  Probe (Chrono Boost)  
  83  6:34  Forge  
  83  6:37  Void Ray  
  83  6:39  Forge  
  87  6:47  Pylon  
  87  6:48  Void Ray  
  91  7:05  Void Ray  
  91  7:08  Probe x3 (Chrono Boost)  
  98  7:10  Pylon  
  98  7:12  Robotics Facility  
  98  7:15  Assimilator  
  98  7:20  Probe x3 (Chrono Boost)  
  101  7:28  Phoenix  
  103  7:32  Probe (Chrono Boost)  
  103  7:33  Warp Gate, Probe x2 (Chrono Boost)  
  103  7:34  Assimilator  
  106  7:41  Protoss Ground Weapons Level 1  
  106  7:42  Pylon  
  108  7:44  Pylon, Probe (Chrono Boost)  
  108  7:45  Probe (Chrono Boost)  
  108  7:47  Probe (Chrono Boost)  
  108  7:49  Protoss Ground Armor Level 1  
  109  7:56  Probe (Chrono Boost)  
  109  7:57  Probe (Chrono Boost)  
  112  7:59  Probe (Chrono Boost)  
  112  8:00  Observer  
  112  8:03  Photon Cannon  
  112  8:04  Tempest  
  112  8:05  Pylon  
  119  8:06  Photon Cannon  
  119  8:08  Probe (Chrono Boost)  
  119  8:09  Probe (Chrono Boost)  
  119  8:11  Probe (Chrono Boost)  
  122  8:15  Pylon  
  122  8:16  Tempest  
  129  8:20  Probe (Chrono Boost)  
  129  8:25  Photon Cannon, Void Ray  
  133  8:27  Photon Cannon  
  133  8:36  Photon Cannon  
  133  8:39  Photon Cannon  
  133  8:46  Phoenix  
  135  8:48  Pylon  
  135  8:58  Warp Prism  
  135  8:59  Void Ray  
  141  9:08  Stargate, Phoenix  
  143  9:12  Void Ray, Photon Cannon  
  143  9:14  Pylon  
  147  9:27  Protoss Air Weapons Level 1  
  147  9:31  Photon Cannon  
  147  9:33  Void Ray, Photon Cannon  
  147  9:37  Warp Prism  
  153  9:40  Pylon  
  153  9:42  Phoenix, Gateway, Nexus  
  155  9:49  Protoss Shields Level 1  
  155  9:55  Phoenix, Tempest  
  163  10:02  Zealot x2  
  163  10:03  Zealot  
  163  10:04  Pylon  
  165  10:13  Observer  
  144  10:16  Phoenix  
  134  10:22  Zealot x2  
  134  10:23  Zealot, Void Ray  
  144  10:33  Void Ray  
  144  10:34  Observer  
  149  10:36  Zealot  
  149  10:42  Void Ray, Stalker  
  155  10:43  Zealot x2  
  155  10:48  Phoenix  
  163  10:58  Twilight Council  
  163  11:01  Zealot  
  163  11:03  Zealot x2  
  167  11:04  Pylon  
  167  11:05  Assimilator, Zealot  
  163  11:17  Void Ray  
  159  11:21  Zealot  
  159  11:23  Void Ray, Zealot x2  
  169  11:26  Phoenix  
  171  11:34  Protoss Air Armor Level 1  
  171  11:35  Charge  
  171  11:38  Photon Cannon  
  171  11:42  Protoss Ground Weapons Level 2  
  171  11:45  Pylon  
  171  11:46  Pylon  
  167  11:50  Void Ray  
  171  11:58  Void Ray  
  167  12:03  Phoenix  
  167  12:08  Photon Cannon  
  169  12:09  Phoenix  
  169  12:11  Photon Cannon  
  169  12:26  Gateway, Nexus  
  169  12:28  Oracle  
  170  12:34  Phoenix  
  170  12:35  Robotics Facility  
  170  12:36  Oracle  
  172  12:42  Photon Cannon  
  175  12:44  Anion Pulse-Crystals  
  175  12:51  Stalker x2  
  177  12:53  Stalker  
  179  13:12  Assimilator  
  179  13:15  Photon Cannon  
  179  13:20  Tempest  
  179  13:24  Gateway  
  185  13:28  Forge  
  185  13:35  Robotics Facility  
  183  13:43  Void Ray  
  183  13:48  Pylon  
  187  13:50  Void Ray  
  187  13:52  Nexus  
  189  14:05  Void Ray  
  193  14:12  Photon Cannon  
  193  14:15  Pylon  
  193  14:18  Void Ray  
  197  14:35  Photon Cannon  
  197  14:36  Void Ray  
  197  14:37  Photon Cannon  
  199  14:59  Photon Cannon  
  199  15:02  Photon Cannon  
  199  15:16  Pylon  
  199  15:34  Assimilator, Nexus  
  199  15:37  Assimilator  
  199  15:40  Photon Cannon  
  199  15:43  Photon Cannon  
  199  15:46  Pylon  
Show
View Real Time Build Order
Export as new Build Order

A.I. 2 (Elite) Zerg 

Build Orders: Hatch First 

Get SALT Encoding   

  12  0:00  Drone  
  13  0:12  Overlord  
  13  0:18  Drone  
  14  0:30  Drone  
  14  0:31  Drone  
  14  0:34  Drone  
  17  0:54  Hatchery  
  16  0:57  Drone  
  17  1:15  Spawning Pool  
  17  1:16  Extractor  
  17  1:18  Drone  
  16  1:23  Drone  
  17  1:28  Drone  
  17  1:31  Drone  
  19  1:39  Overlord  
  19  1:50  Drone  
  20  2:03  Queen  
  20  2:04  Zergling x2  
  20  2:05  Drone  
  24  2:18  Queen  
  26  2:23  Drone  
  27  2:37  Roach Warren  
  27  2:38  Extractor  
  27  2:39  Drone  
  27  2:42  Drone  
  27  2:50  Overlord  
  27  2:53  Drone  
  27  2:57  Drone  
  29  2:59  Drone  
  29  3:02  Drone  
  31  3:06  Drone  
  31  3:09  Zergling x2  
  33  3:14  Zergling x2  
  33  3:19  Roach  
  36  3:27  Queen  
  36  3:33  Spore Crawler  
  37  3:37  Spore Crawler  
  37  3:38  Drone  
  37  3:42  Drone  
  37  3:47  Roach  
  40  3:51  Roach  
  40  3:54  Roach  
  44  4:00  Overlord  
  44  4:13  Lair  
  44  4:18  Drone x3  
  44  4:21  Drone  
  44  4:23  Drone  
  49  4:26  Drone  
  49  4:28  Drone  
  51  4:31  Drone  
  51  4:35  Overlord  
  52  4:54  Zergling x2, Drone x7  
  60  5:07  Overlord  
  60  5:11  Overlord  
  60  5:12  Infestation Pit  
  60  5:13  Drone  
  60  5:21  Spire, Drone  
  60  5:25  Zergling x4  
  60  5:26  Roach x3  
  68  5:29  Roach  
  68  5:30  Overlord  
  70  5:39  Drone  
  70  5:40  Drone  
  72  5:43  Overlord  
  72  5:46  Roach  
  72  5:48  Roach  
  76  5:50  Roach  
  76  5:52  Hive  
  76  5:53  Roach  
  76  5:56  Overlord  
  80  5:59  Overlord  
  80  6:28  Drone  
  80  6:31  Hydralisk Den, Drone  
  80  6:32  Extractor, Corruptor x2  
  82  6:33  Corruptor, Drone  
  82  6:34  Extractor  
  82  6:35  Drone  
  82  6:36  Corruptor  
  89  6:54  Drone  
  89  6:55  Drone x2  
  89  6:56  Hatchery, Evolution Chamber  
  89  6:57  Drone  
  89  6:58  Overlord, Drone x3  
  89  6:59  Drone  
  89  7:00  Hydralisk  
  97  7:02  Hydralisk  
  97  7:06  Hydralisk  
  101  7:09  Hydralisk  
  103  7:17  Overseer  
  102  7:24  Infestor  
  102  7:25  Overlord  
  104  7:37  Infestor  
  106  7:47  Mutalisk, Evolution Chamber  
  107  7:56  Mutalisk  
  109  8:06  Mutalisk, Overlord  
  109  8:09  Drone x2  
  109  8:10  Drone x3  
  109  8:11  Drone x3  
  109  8:12  Drone x3  
  122  8:13  Drone x2  
  122  8:16  Mutalisk  
  122  8:17  Drone  
  122  8:18  Extractor, Drone  
  122  8:19  Drone x2  
  129  8:20  Extractor, Drone  
  129  8:25  Zerg Missile Weapons Level 1  
  129  8:29  Overlord  
  129  8:30  Drone  
  129  8:31  Drone  
  131  8:39  Zerg Ground Armor Level 1  
  131  8:40  Drone x3  
  131  8:41  Drone x2  
  136  8:43  Drone  
  136  8:47  Overlord, Drone  
  136  8:48  Ravager  
  139  8:50  Ravager  
  139  8:53  Hydralisk  
  142  8:56  Hydralisk  
  142  9:02  Hydralisk  
  144  9:03  Spine Crawler  
  144  9:05  Hydralisk, Spine Crawler  
  144  9:06  Overlord  
  146  9:12  Infestor  
  148  9:21  Infestor  
  150  9:24  Overlord  
  150  9:30  Pathogen Glands  
  150  9:35  Spine Crawler  
  150  9:36  Queen  
  151  9:43  Overlord  
  151  9:44  Spore Crawler  
  151  9:45  Hatchery, Drone x2  
  151  9:47  Spore Crawler  
  151  9:48  Drone  
  151  9:50  Spore Crawler  
  151  9:52  Drone  
  151  10:00  Mutalisk  
  151  10:01  Mutalisk x2  
  151  10:02  Overlord  
  151  10:04  Mutalisk  
  148  10:10  Mutalisk, Zergling x2  
  138  10:16  Mutalisk  
  138  10:19  Hydralisk  
  130  10:22  Hydralisk  
  130  10:25  Hydralisk  
  130  10:27  Neural Parasite  
  124  10:28  Hydralisk  
  124  10:31  Roach  
  128  10:36  Mutalisk  
  130  10:43  Mutalisk  
  130  10:49  Mutalisk  
  134  10:55  Mutalisk, Spine Crawler  
  135  10:57  Spine Crawler, Drone  
  135  10:58  Drone x4  
  135  11:02  Corruptor  
  137  11:05  Zergling x2  
  137  11:06  Extractor  
  137  11:08  Drone  
  137  11:10  Extractor  
  137  11:11  Infestor, Drone  
  123  11:14  Roach  
  123  11:16  Hydralisk  
  121  11:19  Hydralisk  
  121  11:23  Hydralisk  
  117  11:26  Hydralisk  
  117  11:29  Roach  
  117  11:30  Roach, Queen  
  117  11:31  Roach  
  119  11:34  Overseer  
  119  11:37  Spore Crawler  
  119  11:38  Drone  
  119  11:40  Spore Crawler  
  119  11:41  Drone  
  119  11:42  Infestor  
  119  11:44  Roach, Zergling x2  
  119  11:46  Roach, Zergling x2  
  116  11:47  Roach  
  116  11:49  Roach  
  116  11:53  Drone  
  111  11:55  Queen  
  111  11:56  Infestor  
  111  11:57  Roach  
  111  11:59  Hydralisk  
  105  12:01  Hydralisk  
  105  12:03  Zergling x2  
  105  12:04  Hydralisk  
  105  12:06  Hydralisk  
  105  12:09  Overseer  
  105  12:11  Roach  
  105  12:12  Roach  
  105  12:14  Roach  
  105  12:15  Roach  
  107  12:16  Roach  
  107  12:18  Roach  
  107  12:21  Roach  
  110  12:23  Zergling x2  
  110  12:25  Mutalisk  
  110  12:29  Hydralisk  
  111  12:30  Roach  
  111  12:33  Drone x3  
  111  12:34  Drone x4  
  111  12:35  Mutalisk, Roach, Drone x4  
  111  12:36  Drone  
  108  12:38  Drone  
  108  12:39  Overseer  
  108  12:40  Drone  
  108  12:41  Drone x2  
  108  12:42  Drone  
  108  12:43  Hydralisk  
  108  12:44  Zergling x2  
  110  12:49  Hydralisk  
  99  12:54  Roach, Zergling x2  
  99  12:57  Roach, Drone  
  99  12:58  Roach  
  101  13:00  Drone  
  101  13:05  Roach  
  93  13:06  Drone  
  93  13:11  Overlord  
  89  13:14  Hatchery, Overseer  
  89  13:16  Zergling x2, Drone  
  79  13:23  Overlord  
  68  13:30  Overlord  
  65  13:34  Overlord x2  
  65  13:35  Overlord, Overseer  
  60  13:48  Roach, Zergling x4  
  52  13:49  Drone  
  52  13:51  Roach  
  52  13:53  Roach  
  59  13:56  Hydralisk, Roach  
  48  14:23  Overlord  
  39  14:26  Overlord  
  39  14:29  Overlord  
  29  15:05  Overlord  
  15  15:30  Hatchery  
Tags
 
Add a new tag
Caveats
  • Supply blocks, unpowered buildings, or Contaminate may cause inaccurate times.
  • Supply counts are checked every 10 seconds.